 Dungeon Crawl Stone Soup version 0.29-a0-96-g93358da72b (webtiles) character file.

Game seed: 1452683138930134871

42441 Essalna the Fighter (level 13, -3/96 HPs)
             Began as a Demonspawn Earth Elementalist on Feb 11, 2022.
             Was a High Priest of Hepliaklqana.
             Succumbed to a wolf spider's poison
             ... on level 6 of the Lair of Beasts.
             The game lasted 00:35:08 (20598 turns).

Essalna the Fighter (DsEE)                         Turns: 20598, Time: 00:35:08

Health: -3/96      AC: 13    Str:  8    XL:     13   Next: 85%
Magic:  3/38       EV: 13    Int: 26    God:    Hepliaklqana [*****.]
Gold:   1244       SH:  5    Dex: 15    Spells: 23/35 levels left

rFire   . . .      SeeInvis .   n - +0 short sword (venom)
rCold   . . .      Faith    .   (no shield)
rNeg    . . .      Spirit   +   N - +1 troll leather armour {Snorg}
rPois   .          Reflect  +   K - +3 hat of Pondering {ponderous, Will+ MP+10 Int+5}
rElec   .          Harm     .   v - +0 cloak
rCorr   +          Rampage  .   (no gloves)
Will    +....                   (no boots)
Stlth   ++........              A - amulet of reflection
HPRegen 1.06/turn               B - ring of resist corrosion
MPRegen 0.52/turn               (no ring)

@: lethally poisoned (-3 -> -34), flying, slow
A: reduced essence, thin metallic scales 2, magic shield, magic regeneration,
magic link, demonic touch 2
a: Renounce Religion, Recall Ancestor, Ancestor Identity, Transference, Idealise


You were on level 6 of the Lair of Beasts.
You worshipped Hepliaklqana.
Hepliaklqana was extremely pleased with you.
You visited 3 branches of the dungeon, and saw 17 of its levels.

You collected 1244 gold pieces.

Inventory:

Hand Weapons
 n - a +0 short sword of venom (weapon)
 F - a +1 whip of electrocution
Missiles
 c - 300 stones
 j - 2 throwing nets
Armour
 b - a +0 robe
 v - a +0 cloak (worn)
 K - the +3 hat of Pondering (worn) {ponderous, Will+ MP+10 Int+5}
   (You took it off Gastronok on level 3 of the Lair of Beasts)

   Int:       It affects your intelligence (+5).
   MP:        It affects your magic capacity (+10).
   Will:      It increases your willpower.
 N - a +1 troll leather armour (worn) {Snorg}
Jewellery
 A - an amulet of reflection (around neck)
 B - a ring of resist corrosion (left hand)
Wands
 t - a wand of iceblast (22)
 y - a wand of flame (31)
 z - a wand of paralysis (2)
 D - a wand of polymorph (2)
 G - a wand of acid (13)
 O - a wand of charming (3)
Scrolls
 d - 6 scrolls of teleportation
 g - 14 scrolls of identify
 h - a scroll of brand weapon {unknown}
 i - 4 scrolls of blinking {unknown}
 k - a scroll of fear {unknown}
 l - 2 scrolls of magic mapping {unknown}
 o - 2 scrolls of holy word {unknown}
 q - 2 scrolls of summoning {unknown}
 u - 2 scrolls of vulnerability {unknown}
 C - a scroll of torment {unknown}
 I - a scroll of enchant weapon {unknown}
 M - a scroll of amnesia {unknown}
 P - a scroll of fog {unknown}
 Q - a scroll of enchant armour {unknown}
Potions
 e - 3 potions of lignification
 f - 2 potions of curing {unknown}
 m - 2 potions of haste
 p - a potion of attraction {unknown}
 r - 2 potions of invisibility {unknown}
 s - a potion of magic {unknown}
 w - 2 potions of might {unknown}
 x - 3 potions of mutation {unknown}
 E - 2 potions of ambrosia {unknown}
 H - a potion of heal wounds {unknown}
 J - a potion of brilliance {unknown}
 L - 2 potions of degeneration {unknown}


   Skills:
 + Level 11.9 Fighting
 - Level 4.4 Armour
 - Level 5.0 Dodging
 - Level 1.7 Stealth
 + Level 11.5 Spellcasting
 - Level 10.4 Conjurations
 - Level 0.8 Transmutations
 + Level 5.3 Fire Magic
 - Level 10.3 Earth Magic


You had 23 spell levels left.
You knew the following spells:

 Your Spells              Type           Power      Damage    Failure   Level
a - Sandblast             Erth           100%       2d20      1%          1
b - Passwall              Tmut/Erth      36%        N/A       1%          2
c - Stone Arrow           Conj/Erth      100%       3d13      1%          3
d - Starburst             Conj/Fire      27%        6d9       32%         6

Your spell library contained the following spells:

 Spells                   Type           Power      Damage    Failure   Level
 Petrify                  Tmut/Erth      44%        N/A       5%          4
 Fireball                 Conj/Fire      27%        3d12      6%          5
 Blink                    Tloc           30%        N/A       9%          2
 Corpse Rot               Necr/Air       30%        N/A       9%          2
 Poisonous Vapours        Pois/Air       30%        N/A       9%          2
 Frozen Ramparts          Ice            30%        1d5       16%         3
 Lightning Bolt           Conj/Air       21%        1d36      17%         5
 Ice Form                 Ice/Tmut       17%        N/A       41%         4
 Airstrike                Air            7%         N/A       47%         4
 Dispel Undead            Necr           15%        3d10      47%         4
 Summon Ice Beast         Ice/Summ       15%        N/A       47%         4
 Summon Lightning Spire   Summ/Air       15%        N/A       47%         4
 Conjure Ball Lightning   Conj/Air       21%        3x3d6     67%         6
 Manifold Assault         Tloc           15%        N/A       83%         5
 Summon Forest            Summ/Tloc      7%         N/A       83%         5
 Summon Mana Viper        Hex/Summ       15%        N/A       83%         5
 Death Channel            Necr           7%         N/A       100%        6
 Summon Cactus Giant      Summ           7%         N/A       100%        6
 Storm Form               Tmut/Air       8%         N/A       100%        7
 Discord                  Hex            7%         N/A       100%        8
 Disjunction              Tloc           7%         N/A       100%        8
 Ignition                 Fire           21%        3d8       100%        8
 Chain Lightning          Conj/Air       21%        3d28      100%        9
 Fire Storm               Conj/Fire      27%        8d7       100%        9
 Shatter                  Erth           31%        3d25*     100%        9


Dungeon Overview and Level Annotations

Branches:
Dungeon (10/15)            Temple (1/1) D:5            Lair (6/6) D:10
 Shoals (0/4) Lair:2        Snake (0/4) Lair:3          Orc (0/2) D:9
  Slime: Lair:5-6

Altars:
Ashenzari
Cheibriados
Dithmenos
Elyvilon
Fedhas
Gozag
Hepliaklqana
Kikubaaqudgha
Makhleb
Nemelex Xobeh
Okawaru
Qazlal
Ru
Sif Muna
Trog
Uskayaw
Vehumet
Wu Jian
Xom
Yredelemnul
Zin
The Shining One

Shops:
D:1 ((!   D:3 [   D:4 [


Innate Abilities, Weirdness & Mutations

Your life essence is reduced to manifest your ancestor. (-10% HP)
You are mostly covered in thin metallic scales. (AC +3)
When hurt, damage is shared between your health and your magic reserves.
You regenerate magic rapidly.
When low on magic, you restore magic in place of health.
Your touch may inflict irresistible damage on your foes.


Message History

The wolf spider bites you but does no damage.
Cynebald blocks the wolf's attack.
Cynebald hits the wolf with a +0 flail.
You block the wolf spider's attack. The wolf spider bites you.
Casting: Stone Arrow (safe; 1% risk of failure)
Confirm with . or Enter, or press ? or * to list all spells.
Aiming: Stone Arrow (safe; 1% risk of failure)
Press: ? - help, Shift-Dir - straight line, f/p - wolf spider
Aim: a wolf spider (moderately wounded, 78% to hit)
The stone arrow hits the wolf spider!!
The wolf spider is heavily wounded.
You feel extremely sick.
Cynebald blocks the wolf's attack.
The wolf misses you.
Cynebald blocks the wolf's attack.
You block the wolf spider's attack. The wolf spider bites you.
You are lethally poisoned!
The wolf spider poisons you!
Cynebald hits the wolf with a +0 flail!
The wolf dies!
The wolf bites you but does no damage. You block the wolf's attack.
Casting: Stone Arrow (safe; 1% risk of failure)
Confirm with . or Enter, or press ? or * to list all spells.
Aiming: Stone Arrow (safe; 1% risk of failure)
Press: ? - help, Shift-Dir - straight line, f/p - wolf spider
Aim: a wolf spider (heavily wounded, ally target, 78% to hit)
The stone arrow hits the wolf spider!!
The wolf spider is almost dead.
* * * LOW HITPOINT WARNING * * *
You feel extremely sick. The wolf spider hits you!
* * * LOW HITPOINT WARNING * * *
The wolf spider bites you but does no damage.
The wolf barely misses you. The wolf completely misses you.
The wolf misses Cynebald.
Cynebald hits the wolf with a +0 flail!
The wolf spider hits you!
* * * LOW HITPOINT WARNING * * *
The wolf spider bites you but does no damage.
The wolf barely misses you. The wolf completely misses you.
It was a potion of flight.
You feel very buoyant.
You fly up into the air.
You die...

#P##.# ##....... ....
........###.....P####...
P..#P....PPP.....#.#...#
#.# #...PPP...........#
##.###.........#...#...
.#.....#.........†#..P..
#..P............<††.....
..........P....#.##.....
#.#.##h@R........#...P..
. #shh#..............
#.h.#....#........#
#...##.............
#./..#............#
#...###..P..#.....#
#...# ####.P......#
#...# #..P......
#....#......#


You could see the friendly Cynebald the knight, a wolf spider (ally target) and
4 wolves.

Vanquished Creatures
  Snorg (Lair:3)
  6 hydras
  A two-headed ogre (D:5)
  3 death yaks (Lair:3)
  Urug (Lair:2)
  Pikel (D:7)
  A wolf spider (Lair:6)
  2 merfolk sirens (Lair:2)
  12 elephants
  The ghost of EiAlmux the Conjurer, a novice DECj (D:8)
  2 black mambas (Lair:5)
  Maggie (Lair:2)
  6 cane toads
  2 rime drakes
  6 komodo dragons
  A kobold demonologist (D:8)
  2 merfolk (Lair:2)
  2 polar bears
  A hornet (D:8)
  4 blink frogs (Lair:5)
  A meliai zombie (D:8)
  3 wyverns
  39 yaks
  3 basilisks
  A steam dragon (Lair:5)
  5 water moccasins
  4 acid dragons
  3 nagas (Lair:3)
  Duvessa (D:7)
  2 black bears
  A necrophage (D:7)
  An ice beast (D:8)
  3 sky beasts
  A hornet zombie (D:6)
  5 orc warriors
  3 ogres
  15 wolves
  2 lemures (D:7)
  4 centaurs
  2 phantoms (D:6)
  8 kobold brigands
  Blork the orc (D:4)
  14 bullfrogs
  A scorpion (D:5)
  A water moccasin zombie (D:6)
  A wyvern skeleton (D:6)
  Dowan (D:7)
  5 killer bees (D:7)
  4 wights
  A vampire bat (Lair:5)
  8 howler monkeys
  3 centaur zombies
  8 jellies
  2 bullfrog skeletons
  A centaur skeleton (D:6)
  3 hounds
  9 orc priests
  Crazy Yiuf (D:5)
  A gnoll shaman (D:6)
  3 iguanas
  19 orc wizards
  A killer bee zombie (D:7)
  A howler monkey zombie (D:6)
  6 adders
  15 gnolls
  7 river rats (D:6)
  2 shadow imps
  2 white imps
  An ufetubus (D:6)
  3 worms
  2 dart slugs
  37 orcs
  9 endoplasms
  2 giant cockroaches
  6 hobgoblins
  7 jackals
  11 quokkas
  6 ball pythons
  9 bats
  A frilled lizard (D:1)
  A goblin (D:1)
  5 kobolds
  19 rats
403 creatures vanquished.

Vanquished Creatures (collateral kills)
  Gastronok (Lair:3)
  A hydra (Lair:4)
  A two-headed ogre (D:8)
  A black mamba (Lair:2)
  4 elephants
  A rime drake (Lair:3)
  A komodo dragon (Lair:4)
  13 yaks
  A naga (Lair:3)
  A water moccasin (Lair:2)
  2 orc warriors
  A black bear (Lair:3)
  A centaur (D:8)
  4 wolves
  2 wights (D:9)
  A centaur zombie (D:9)
  2 orc wizards (D:9)
  An orc (D:9)
  3 kobolds (D:10)
  A bat (Lair:5)
43 creatures vanquished.

Vanquished Creatures (others)
  2 kobold brigands (D:8)
  5 knights
  2 ancestors
  27 fungi
  24 plants
60 creatures vanquished.

Grand Total: 506 creatures vanquished

Notes
Turn   | Place    | Note
-------+----------+-------------------------------------------
     0 | D:1      | Essalna the Demonspawn Earth Elementalist began the quest
                  | for the Orb.
     0 | D:1      | Reached XP level 1. HP: 13/13 MP: 3/3
    20 | D:1      | Found Xeculack's Antique Weapon Shop.
   176 | D:1      | Gained mutation: You are partially covered in thin metallic
                  | scales. (AC +2) [demonic ancestry]
   176 | D:1      | Reached XP level 2. HP: 19/19 MP: 5/5
   265 | D:1      | Found a faded altar of an unknown god.
   328 | D:1      | Found Kuiskih's Distillery.
   461 | D:1      | Found Dybemmong's Antique Weapon Shop.
  1341 | D:2      | Gained mutation: You regenerate magic rapidly. [demonic
                  | ancestry]
  1341 | D:2      | Reached XP level 3. HP: 8/24 MP: 0/7
  1899 | D:2      | Gained mutation: Your touch may inflict minor irresistible
                  | damage on your foes. [demonic ancestry]
  1899 | D:2      | Reached XP level 4. HP: 21/30 MP: 6/8
  2000 | D:2      | Learned a level 2 spell: Passwall
  2004 | D:2      | Learned a level 3 spell: Stone Arrow
  2524 | D:2      | Reached skill level 1 in Conjurations
  3109 | D:3      | Found Zaamef's Armour Shoppe.
  3122 | D:3      | Gained mutation: Your touch may inflict irresistible damage
                  | on your foes. [demonic ancestry]
  3122 | D:3      | Reached XP level 5. HP: 35/35 MP: 6/10
  3569 | D:4      | Reached skill level 1 in Fighting
  3614 | D:4      | You fall into a shaft and drop 1 floor!
  3614 | D:5      | Entered Level 5 of the Dungeon
  3747 | D:4      | Noticed an ogre
  3754 | D:4      | Reached XP level 6. HP: 38/43 MP: 7/11
  4027 | D:4      | Found Moum's Antique Armour Shoppe.
  4030 | D:4      | Noticed Blork the orc
  4046 | D:4      | Killed Blork the orc
  4475 | D:5      | Reached XP level 7. HP: 51/51 MP: 9/13
  4585 | D:5      | Reached skill level 5 in Earth Magic
  4824 | D:5      | Noticed a two-headed ogre
  4829 | D:5      | Killed a two-headed ogre
  4830 | D:5      | Reached skill level 5 in Spellcasting
  4830 | D:5      | Reached XP level 8. HP: 33/60 MP: 1/16
  5050 | D:5      | Found a burning altar of Makhleb.
  5239 | D:5      | Found a staircase to the Ecumenical Temple.
  5258 | Temple   | Entered the Ecumenical Temple
  5449 | Temple   | Became a worshipper of Hepliaklqana the Forgotten
  5615 | D:5      | Reached skill level 5 in Conjurations
  5859 | D:5      | Found a runed translucent door.
  5860 | D:5      | Noticed Crazy Yiuf
  6037 | D:5      | Killed Crazy Yiuf
  6295 | D:6      | Reached skill level 5 in Fighting
  6370 | D:6      | Reached XP level 9. HP: 56/68 MP: 11/18
  8241 | D:7      | Reached * piety under Hepliaklqana
  8425 | D:7      | Noticed Dowan
  8426 | D:7      | Noticed Duvessa
  8429 | D:7      | Killed Dowan
  8433 | D:7      | Killed Duvessa
  8678 | D:7      | Noticed Pikel
  8696 | D:7      | Killed Pikel
  8697 | D:7      | Gained mutation: When hurt, damage is shared between your
                  | health and your magic reserves. [demonic ancestry]
  8697 | D:7      | Reached XP level 10. HP: 13/69 MP: 1/20
 10947 | D:8      | Found a runed translucent gate.
 10947 | D:8      | Found a runed translucent gate.
 10947 | D:8      | Found a runed translucent gate.
 10950 | D:8      | Noticed EiAlmux's ghost (novice DECj)
 10971 | D:8      | Noticed a two-headed ogre
 10975 | D:8      | Killed a two-headed ogre
 11368 | D:9      | Reached ** piety under Hepliaklqana
 11608 | D:8      | Remembered your ancestor Cynebald as a knight
 11651 | D:8      | Killed EiAlmux's ghost
 11908 | D:9      | Gained mutation: When low on magic, you restore magic in
                  | place of health. [demonic ancestry]
 11908 | D:9      | Reached XP level 11. HP: 77/77 MP: 19/23
 12267 | D:9      | Found a staircase to the Orcish Mines.
 12992 | D:10     | Entered Level 10 of the Dungeon
 13396 | D:10     | Found a staircase to the Lair.
 14315 | Lair:1   | Entered Level 1 of the Lair of Beasts
 14434 | Lair:1   | Reached *** piety under Hepliaklqana
 14451 | Lair:1   | Reached skill level 1 in Armour
 14772 | Lair:1   | Noticed a seven-headed hydra
 14776 | Lair:1   | Killed a seven-headed hydra
 14881 | Lair:1   | You fall into a shaft and drop 1 floor!
 14881 | Lair:2   | Noticed Maggie
 15200 | Lair:3   | Reached XP level 12. HP: 85/85 MP: 18/25
 15533 | Lair:3   | Found a staircase to the Snake Pit.
 15682 | Lair:3   | Noticed Gastronok
 15690 | Lair:3   | Killed Gastronok
 16392 | Lair:3   | Noticed a four-headed hydra
 16398 | Lair:3   | Killed a four-headed hydra
 16515 | Lair:2   | Reached **** piety under Hepliaklqana
 16542 | Lair:2   | Reached skill level 10 in Earth Magic
 16652 | Lair:2   | Noticed a five-headed hydra
 16657 | Lair:2   | Killed a five-headed hydra
 16658 | Lair:2   | Reached skill level 10 in Conjurations
 16844 | Lair:2   | Reached skill level 10 in Fighting
 16962 | Lair:2   | Found a staircase to the Shoals.
 16968 | Lair:2   | Reached skill level 10 in Spellcasting
 17278 | Lair:2   | Killed Maggie
 17754 | Lair:2   | Noticed Urug
 17763 | Lair:2   | Killed Urug
 17764 | Lair:2   | Reached skill level 5 in Dodging
 18100 | Lair:3   | Noticed Snorg
 18103 | Lair:3   | Learned a level 6 spell: Starburst
 18109 | Lair:3   | Killed Snorg
 18110 | Lair:3   | Gained mutation: You are mostly covered in thin metallic
                  | scales. (AC +3) [demonic ancestry]
 18110 | Lair:3   | Reached XP level 13. HP: 93/93 MP: 19/27
 18186 | Lair:3   | Reached skill level 1 in Fire Magic
 19123 | Lair:4   | Reached ***** piety under Hepliaklqana
 20422 | Lair:6   | Entered Level 6 of the Lair of Beasts
 20427 | Lair:6   | Reached skill level 5 in Fire Magic
 20598 | Lair:6   | Succumbed to a wolf spider's poison

Illustrated notes

Levels and vault maps discovered:
D:1:      eino_arrival_water_star, layout_basic, serial_shops,
          nicolae_shop_temple_entry_statues_fountains, nicolae_shop_waterfront,
          shop_statue, chequers_ecumenical_altar_grove, serial_aquarium,
          aquarium_bridge_square [aquarium_subvault_bridge,
          aquarium_subvault_bridge, aquarium_subvault_bridge,
          aquarium_subvault_wall], aquarium_window_fake, aquarium_window_corner,
          aquarium_window_corner, aquarium_view_2d, aquarium_view_2a,
          aquarium_pool_2
D:2:      cheibrodos_old_hovel, layout_loops_corners
D:3:      layout_basic, serial_shops, nicolae_square_shop
D:4:      layout_loops_ring, serial_shops,
          nicolae_shop_competitors_out_of_business, hangedman_decor_points,
          uniq_blork_the_orc
D:5:      layout_cave_pods, mainiacjoe_overflow_24_doors,
          minmay_temple_entry_proselytizer, roderic_serpentine_path,
          minmay_chambers_of_fives, uniq_crazy_yiuf_cottage
D:6:      lemuel_ratsnest, layout_loops_ring
D:7:      layout_basic, uniq_duvessa, uniq_pikel
D:8:      nicolae_cairo_tiling_large, layout_basic,
          gammafunk_ghost_nasty_kobolds, minmay_fractal_squares_5
D:9:      layout_cave_pools, hiddenorc1_lemuel
D:10:     layout_gridville, grunt_lair_entry_orc_guard_hut,
          hangedman_abyss_or_decor_stabs
Temple:   mainiacjoe_temple_starburst
Lair:1:   layout_concentric_octagons, minivault_27, st_stairs_8,
          grunt_forest_small_clearings, serial_bayou_shore_b
Lair:2:   layout_gridlike, elwin_shoals_entry_stream, minivault_25, uniq_urug,
          uniq_maggie
Lair:3:   layout_cave_pods, minmay_snake_entry_guardpost_small, minivault_11,
          nicolae_quartered_pool_medium, minivault_26, beast_lair_carwin_5,
          uniq_gastronok, uniq_snorg
Lair:4:   layout_big_grid, basic_altar, grunt_megastairs_2
Lair:5:   layout_roguey, roderic_batcave
Lair:6:   hangedman_lair_in_review, layout_loops_ring,
          nicolae_slime_entry_slimehenge, minivault_25,
          nicolae_lair_run_with_the_wolves

Skill      XL: |  1  2  3  4  5  6  7  8  9 10 11 12 13 |
---------------+----------------------------------------+-----
Earth Magic    | 3 4 5 6 7 8 9 10 | 10.3
Spellcasting   | 3 4 5 6 7 8 9 10 11 | 11.5
Conjurations   | 1 2 4 5 7 8 9 10 | 10.4
Fighting       | 1 2 4 5 6 8 9 10 11 | 11.9
Dodging        | 3 5 |  5.0
Armour         | 2 4 |  4.4
Fire Magic     | 5 |  5.3
Stealth        | |  1.7
Transmutations | |  0.8

Action                   |  1- 3 |  4- 6 |  7- 9 | 10-12 | 13-15 || total
-------------------------+-------+-------+-------+-------+-------++-------
Melee: Spear             |    66 |    30 |       |       |       ||    96
       Punch             |     1 |     1 |     1 |     1 |     2 ||     6
       Touch             |       |    16 |    12 |     9 |     4 ||    41
       Short sword       |       |    51 |    55 |    44 |    15 ||   165
 Cast: Sandblast         |    19 |    51 |    39 |    22 |       ||   131
       Stone Arrow       |       |     4 |   134 |   377 |   197 ||   712
Invok: Ancestor Life: Kn |       |       |       |     1 |       ||     1
       Recall Ancestor   |       |       |       |     1 |     2 ||     3
  Use: Scroll            |       |       |       |     5 |       ||     5
       Potion            |       |       |       |       |     1 ||     1
 Stab: Sleeping          |     5 |     1 |       |       |       ||     6
Armor: Robe              |    10 |    23 |    26 |    36 |       ||    95
       Troll leather arm |       |       |       |       |    43 ||    43
Dodge: Dodged            |    40 |    71 |    79 |    91 |    57 ||   338
Block: Other             |       |       |       |    29 |    24 ||    53
       Reflection        |       |       |       |     3 |       ||     3

Table legend: (Time is in decaauts)
 A = Elapsed time spent in this place.
 B = Non-inter-level travel time spent in this place.
 C = Inter-level travel time spent in this place.
 D = Time resting spent in this place.
 E = Time spent auto-exploring this place.
 F = Levels seen in this place.
 G = Mean time per level.
                   A        B        C        D        E       F      G
               +--------+--------+--------+--------+--------+-----+--------+
         Total |  20908 |  20295 |    613 |    553 |  17117 |  17 | 1229.9 |
       Dungeon |  14106 |  13694 |    412 |    553 |  11364 |  10 | 1410.6 |
        Temple |    246 |    192 |     54 |      0 |    169 |   1 |  246.0 |
          Lair |   6555 |   6408 |    147 |      0 |   5583 |   6 | 1092.5 |
               +--------+--------+--------+--------+--------+-----+--------+

Top non-repeatable levels by time:
     D:7: 2429 daAuts
  Lair:3: 2362 daAuts
     D:6: 1715 daAuts
  Lair:2: 1656 daAuts
     D:2: 1630 daAuts
     D:8: 1503 daAuts
     D:5: 1480 daAuts
    D:10: 1328 daAuts
     D:1: 1230 daAuts
     D:9: 1146 daAuts
  Lair:5: 1062 daAuts
     D:4: 990 daAuts
  Lair:4: 780 daAuts
     D:3: 651 daAuts
  Lair:1: 566 daAuts
